 Dungeon Crawl Stone Soup version 0.30-a0-860-g512cf1e979 (webtiles) character file.

Game seed: 16714838527841397843

536 qeuew the Sneak (level 7, -9/35 HPs)
             Began as a Spriggan Hunter on Mar 7, 2023.
             Mangled by a red devil
             ... wielding a +0 trident
             ... summoned by Xom
              (18 damage)
             ... on level 5 of the Dungeon.
             The game lasted 00:03:36 (3629 turns).

qeuew the Sneak (Spriggan Hunter)                   Turns: 3629, Time: 00:03:38

Health: -9/35      AC:  2    Str:  7    XL:     7   Next: 4%
Magic:  8/8        EV: 19    Int: 10    God:
Gold:   266        SH:  0    Dex: 19    Spells: 6/6 levels left

rFire   . . .      SeeInvis +    a - +1 shortbow (drain)
rCold   . . .      Faith    .    (shield currently unavailable)
rNeg    . . .      Spirit   .    c - +0 robe
rPois   +          Reflect  .    (helmet restricted)
rElec   .          Rampage  .    (no cloak)
rCorr   .                        (gloves unavailable)
Will    +....                    (boots unavailable)
Stlth   +++                      (no amulet)
HPRegen 0.25/turn                q - ring of poison resistance
MPRegen 0.11/turn                (no ring)

@: about to teleport, spiked, unable to read, very quick
A: very small, no large weapons, unfitting armour, see invisible, speed 3, beak,
clumsy 1, screaming 2, inability to read after injury 1
a: no special abilities


You were on level 5 of the Dungeon.
You visited 1 branch of the dungeon, and saw 5 of its levels.

You collected 266 gold pieces.

Inventory:

Hand Weapons
 a - a +1 shortbow of draining (weapon)
 k - a +0 dagger of venom
Missiles
 m - a throwing net
Armour
 c - a +0 robe (worn)
Jewellery
 n - an amulet of the acrobat
 q - a ring of poison resistance (left hand)
Wands
 e - a wand of flame (24)
Scrolls
 b - a scroll of immolation
 j - a scroll of enchant armour
 l - a scroll of fear {unknown}
 o - a scroll of butterflies {unknown}
 p - 3 scrolls of identify
Potions
 d - a potion of flight
 f - a potion of heal wounds
 g - 2 potions of invisibility
 i - a potion of curing


   Skills:
 + Level 2.8 Fighting
 + Level 1.2 Short Blades
 * Level 5.6 Ranged Weapons
 + Level 4.5 Dodging
 * Level 6.2 Stealth
 + Level 2.6 Evocations


You had 6 spell levels left.
You didn't know any spells.
Your spell library contained the following spells:

 Spells                   Type           Power      Damage    Failure   Level
 Kiss of Death            Conj/Necr      0%         2d5       36%         1
 Necrotise                Necr           0%         1d4       36%         1
 Cigotuvi's Dreadful Rot  Necr/Pois/Air  0%         N/A       50%         2
 Confusing Touch          Hex            0%         N/A       75%         3
 Vampiric Draining        Necr           0%         2d6       75%         3
 Dispel Undead            Necr           0%         3d6       98%         4
 Agony                    Necr           0%         N/A       100%        5
 Death Channel            Necr           0%         N/A       100%        6


Dungeon Overview and Level Annotations

Branches:
Dungeon (5/15)
 Temple: D:4-7

Altars:
Xom

Shops:
D:4 (

Annotations:
D:3 2 transporters, zenocrate's ghost, amateur OpTm
D:5 2 transporters, relicbr's ghost, weakling SpDe


Innate Abilities, Weirdness & Mutations

You are very small and have problems with some larger weapons.
You are too small for most types of armour.
You have supernaturally acute eyesight. (SInv)
You cover ground extremely quickly. (Speed+++)
You have a beak for a mouth.
You are clumsy. (Dex -2)
You frequently scream uncontrollably at your foes.
You occasionally lose the ability to read scrolls when taking damage.


Message History

The jackal barely misses you. The jackal closely misses you.
The jackal completely misses you. The jackal closely misses you.
You shoot an arrow.
The arrow hits the jackal but does no damage.
The jackal is moderately wounded.
The jackal closely misses you. The jackal barely misses you.
The jackal closely misses you. The jackal misses you.
The jackal completely misses you. The jackal barely misses you.
You shoot an arrow. The arrow hits the jackal.
You kill the jackal!
The jackal's corpse disappears in a puff of smoke!
The jackal closely misses you.
The jackal barely misses you. "Time to have some fun!"
You shoot an arrow. The arrow hits the red devil.
The red devil is lightly wounded.
The jackal closely misses you. The jackal completely misses you. x2
The jackal bites you. The jackal closely misses you. x2
You shoot an arrow. The arrow hits the red devil!
The red devil is moderately wounded.
The jackal barely misses you.
The jackal bites you but does no damage. x2
The jackal misses you. The red devil closely misses you.
The red devil hits you from afar with a +0 trident!
* * * LOW HITPOINT WARNING * * *
Barbed spikes become lodged in your body.
The jackal bites you but does no damage.
The barbs in your skin will harm you if you move.
Continue? [Y]es or [N]o only, please.
The barbs in your skin will harm you if you move.
Continue? [Y]es or [N]o only, please.
The barbs in your skin will harm you if you move.
Continue?
Okay, then.
As you read the scroll of teleportation, it crumbles to dust.
You feel strangely unstable. The jackal bites you.
* * * LOW HITPOINT WARNING * * *
The jackal misses you. x2; The jackal barely misses you.
The red devil hits you with a +0 trident!!
You feel threatened and lose the ability to read scrolls!
Ouch! That really hurt!
You die...

#..##................# #...##.#
..####...##.#####.##.# #...##.#
..####...##.# ###.##.# #...##.#
.##..##..##.# #......#####...##.#
.##..##..##.# #.#.##.#..........#
##....##.##.# #.#.##.#.###...####
##....##....# #.#5##...# #.......
#......#.##.###4#h########...####
#......#........@h4......hh....
..####...##.#####h#########....
### ######<# #.# ##### ### ###


You could see 2 red devils, an iron imp (summoned) and 3 jackals.

Vanquished Creatures
  A black bear (D:5)
  Blork the orc (D:4)
  2 hounds
  A jelly (D:5)
  2 iguanas (D:5)
  A sleepcap (D:5)
  3 orc wizards (D:4)
  6 adders
  An ufetubus (D:5)
  A worm (D:2)
  2 orcs
  10 bats
  6 endoplasms
  6 goblins
  8 hobgoblins
  4 jackals (D:4)
  6 quokkas
  5 ball pythons
  3 frilled lizards
  9 kobolds
  3 rats
81 creatures vanquished.

Notes
Turn   | Place    | Note
-------+----------+-------------------------------------------
     0 | D:1      | qeuew the Spriggan Hunter began the quest for the Orb.
     0 | D:1      | Reached XP level 1. HP: 10/10 MP: 2/2
    63 | D:1      | Reached skill level 2 in Stealth
   121 | D:1      | Reached XP level 2. HP: 15/15 MP: 3/3
   446 | D:1      | Reached skill level 3 in Stealth
   596 | D:2      | Reached XP level 3. HP: 18/18 MP: 4/4
   759 | D:2      | Found a shimmering altar of Xom.
   812 | D:2      | Reached XP level 4. HP: 23/23 MP: 5/5
  1042 | D:2      | Became a worshipper of Xom of Chaos
  1043 | D:2      | Fell from the grace of Xom
  1066 | D:3      | Noticed zenocrate's ghost (amateur OpTm)
  1068 | D:3      | Found a transporter.
  1071 | D:3      | Identified the +9 great mace of Sequestration {flame,
                  | Dex+4}
  1071 | D:3      | Noticed an ogre
  1072 | D:3      | Found a transporter.
  1073 | D:3      | Noticed an ogre
  1442 | D:3      | Found a faded altar of an unknown god.
  1848 | D:3      | Reached skill level 4 in Stealth
  2157 | D:4      | Found Suja's Antique Weapon Shop.
  2228 | D:4      | Reached XP level 5. HP: 21/26 MP: 6/6
  2259 | D:4      | Noticed Blork the orc
  2265 | D:4      | Killed Blork the orc
  2266 | D:4      | Reached skill level 5 in Ranged Weapons
  2266 | D:4      | Reached skill level 1 in Evocations
  2270 | D:4      | Reached skill level 5 in Stealth
  2368 | D:4      | Reached XP level 6. HP: 31/32 MP: 7/7
  2537 | D:4      | XOM: give mutations
  2537 | D:4      | Gained mutation: You occasionally lose the ability to read
                  | scrolls when taking damage. [Xom's mischief]
  2537 | D:4      | Gained mutation: You have a beak for a mouth. [Xom's
                  | mischief]
  2537 | D:4      | Gained mutation: You occasionally shout uncontrollably at
                  | your foes. [Xom's mischief]
  2621 | D:4      | XOM: give mutations
  2621 | D:4      | Gained mutation: You frequently scream uncontrollably at
                  | your foes. [Xom's mischief]
  2621 | D:4      | Gained mutation: You are clumsy. (Dex -2) [Xom's mischief]
  2678 | D:4      | Identified the +2 morningstar of a Hundred Dreams {freeze,
                  | Contam rN+ Int+2 SInv}
  2900 | D:5      | Entered Level 5 of the Dungeon
  2902 | D:5      | XOM: 1-stop teleportation journey
  3027 | D:5      | Found a transporter.
  3051 | D:5      | Found a transporter.
  3056 | D:5      | Noticed relicbr's ghost (weakling SpDe)
  3113 | D:5      | Reached skill level 1 in Short Blades
  3113 | D:5      | Reached skill level 6 in Stealth
  3456 | D:5      | Reached XP level 7. HP: 35/35 MP: 8/8
  3611 | D:5      | XOM: summons 3 hostile shadow creatures
  3626 | D:5      | XOM: summons 3 hostile demons
  3627 | D:5      | Noticed a red devil
  3627 | D:5      | Noticed a red devil
  3629 | D:5      | Mangled by a red devil

Illustrated notes

Levels and vault maps discovered:
D:1:      lemuel_arrival_room, layout_rooms, nicolae_titane
D:2:      layout_rooms, basic_altar, minmay_quadrilaterals
D:3:      layout_loops_corners, hellmonk_ecumenical_altar_lost_god,
          serial_rivers, chequers_serial_rivers_room_a,
          chequers_serial_rivers_room_b, chequers_serial_rivers_large_b,
          chequers_serial_rivers_marsh, gammafunk_ghost_smash
D:4:      layout_gridville, serial_shops, shop_fountains,
          kennysheep_another_room, uniq_blork_the_orc
D:5:      layout_basic, gammafunk_ghost_stat_death, minmay_misc_feat_x

Skill      XL: |  1  2  3  4  5  6 |
---------------+-------------------+-----
Stealth        | 2 3 4 5 6 |  6.2
Dodging        | 3 4 |  4.5
Fighting       | 2 |  2.8
Ranged Weapons | 5 |  5.6
Evocations     | 1 2 |  2.6
Short Blades   | 1 |  1.2

Action                     |  1- 3 |  4- 6 |  7- 9 || total
---------------------------+-------+-------+-------++-------
   Fire: Shortbow          |   105 |   126 |    17 ||   248
 Invoke: Renounce Religion |       |     1 |       ||     1
    Use: Potion            |     3 |     6 |       ||     9
         Scroll            |     2 |     8 |     1 ||    11
 Armour: Robe              |     9 |     6 |     4 ||    19
  Dodge: Dodged            |    49 |    45 |    43 ||   137

Table legend: (Time is in decaauts)
 A = Elapsed time spent in this place.
 B = Non-inter-level travel time spent in this place.
 C = Inter-level travel time spent in this place.
 D = Time resting spent in this place.
 E = Time spent auto-exploring this place.
 F = Levels seen in this place.
 G = Mean time per level.
                   A        B        C        D        E       F      G
               +--------+--------+--------+--------+--------+-----+--------+
         Total |   2486 |   2396 |     90 |      0 |   1930 |   5 |  497.2 |
       Dungeon |   2486 |   2396 |     90 |      0 |   1930 |   5 |  497.2 |
               +--------+--------+--------+--------+--------+-----+--------+

Top non-repeatable levels by time:
     D:3: 683 daAuts
     D:4: 544 daAuts
     D:5: 489 daAuts
     D:1: 406 daAuts
     D:2: 362 daAuts
